 Dungeon Crawl Stone Soup version 0.30-a0-726-gd89dcf765f (webtiles) character file.

Game seed: 17513660377715764642

540 porpoise the Shooter (level 7, 0/54 HPs)
             Began as a Human Hunter on Jan 30, 2023.
             Slain by an orc
             ... wielding a +2 whip of electrocution
              (3 damage)
             ... on level 4 of the Dungeon.
             The game lasted 00:09:10 (2446 turns).

porpoise the Shooter (Human Hunter)                 Turns: 2446, Time: 00:09:11

Health: 0/54       AC:  5    Str: 10 (11) XL:     7   Next: 51%
Magic:  7/7        EV: 12    Int:  6 (9)  God:
Gold:   191        SH:  0    Dex: 17 (19) Spells: 6/6 levels left

rFire   . . .      SeeInvis .    b - +4 hand axe
rCold   . . .      Faith    .    (no shield)
rNeg    . . .      Spirit   .    c - +0 leather armour
rPois   .          Reflect  .    (no helmet)
rElec   .          Harm     .    p - +0 cloak
rCorr   .          Rampage  .    f - +0 pair of gloves
Will    .....                    (no boots)
Stlth   +++                      (no amulet)
HPRegen 0.29/turn                (no ring)
MPRegen 0.10/turn                (no ring)

@: no status effects
A: no striking features
a: no special abilities


You were on level 4 of the Dungeon.
You visited 1 branch of the dungeon, and saw 4 of its levels.

You collected 191 gold pieces.

Inventory:

Hand Weapons
 a - a +2 sling of flaming
 b - a +4 hand axe (weapon)
 k - a +0 shortbow
 q - a +0 hand axe of electrocution
Missiles
 n - 5 poisoned darts
 o - 2 javelins
Armour
 c - a +0 leather armour (worn)
 f - a +0 pair of gloves (worn)
 p - a +0 cloak (worn)
Scrolls
 d - 3 scrolls of immolation
 g - a scroll of enchant weapon {unknown}
 h - 3 scrolls of identify {unknown}
 l - a scroll of vulnerability {unknown}
 m - a scroll of teleportation {unknown}
Potions
 e - 2 potions of degeneration
 i - a potion of flight
 j - a potion of cancellation


   Skills:
 + Level 4.1 Fighting
 * Level 6.7 Ranged Weapons
 - Level 2.0 Dodging
 + Level 4.0 Stealth


You had 6 spell levels left.
You didn't know any spells.
Your spell library contained the following spells:

 Spells                   Type           Power      Damage    Failure   Level
 Apportation              Tloc           0%         N/A       56%         1
 Necrotise                Necr           0%         1d4       56%         1
 Summon Small Mammal      Summ           0%         N/A       56%         1
 Ozocubu's Armour         Ice            0%         N/A       90%         3
 Ozocubu's Refrigeration  Ice            0%         4d7       100%        7


Dungeon Overview and Level Annotations

Branches:
Dungeon (4/15)
 Temple: D:4-7

Altars:
Makhleb
Uskayaw

Shops:
D:2 [


Message History

h - 3 scrolls labelled QEPAEM QERPHIL (gained 1)
Found a book of Cantrips.
Found a stone staircase leading down.
i - 2 sedimented blue potions (gained 1)
There is a stone staircase leading down here.
An orc comes into view.
It is wielding a +2 whip of electrocution.
You shoot a sling bullet. The sling bullet hits the orc.
The sling bullet burns the orc.
The orc is moderately wounded.
You shoot a sling bullet. The sling bullet barely misses the orc.
The orc hits you with a +2 whip of electrocution.
You are electrocuted!
The orc hits you with a +2 whip of electrocution.
You shoot a sling bullet. The sling bullet barely misses the orc.
The orc hits you with a +2 whip of electrocution.
You are electrocuted!
* * * LOW HITPOINT WARNING * * *
You are too injured to fight recklessly!
Your +2 sling of flaming stops flaming.
b - a +4 hand axe (weapon)
You barely miss the orc.
The orc is moderately wounded.
The orc hits you with a +2 whip of electrocution.
* * * LOW HITPOINT WARNING * * *
You are electrocuted!
* * * LOW HITPOINT WARNING * * *
You barely miss the orc.
The orc is moderately wounded.
The orc barely misses you. x2
It was a potion of degeneration.
There was something very wrong with that liquid.
You feel weakened.
You feel dopey.
You feel clumsy. The orc barely misses you.
It was a potion of flight.
You feel very buoyant.
You fly up into the air.
The orc hits you but does no damage.
It was a potion of cancellation.
Your magical effects are unravelling.
You feel magically purged.
You float gracefully downwards.
The orc hits you with a +2 whip of electrocution.
You die...

##### ##...# ....#
##.####o..#
.#....@..#### ####
#.###.........
.....##.###....#####
...........>#.##
.######.###.#.# #.#
#.#.# #.# #.#.# #.#
#.#.. ##.###.#


You could see an orc.

Vanquished Creatures
  Sigmund (D:3)
  2 ogres (D:4)
  A phantom (D:4)
  Jessica (D:3)
  An orc wizard (D:3)
  An adder (D:2)
  2 worms
  A dart slug (D:4)
  4 orcs (D:3)
  8 ball pythons
  8 endoplasms
  A giant cockroach (D:4)
  5 hobgoblins
  4 jackals (D:1)
  2 kobolds
  6 quokkas
  3 bats
  3 frilled lizards
  7 goblins
  2 rats
63 creatures vanquished.

Notes
Turn   | Place    | Note
-------+----------+-------------------------------------------
     0 | D:1      | porpoise the Human Hunter began the quest for the Orb.
     0 | D:1      | Reached XP level 1. HP: 16/16 MP: 1/1
   170 | D:1      | Reached XP level 2. HP: 22/22 MP: 2/2
   502 | D:1      | Reached XP level 3. HP: 25/27 MP: 3/3
   918 | D:2      | You fall into a shaft and drop 2 floors!
   931 | D:4      | Found a hide-covered altar of Uskayaw.
   980 | D:4      | Noticed an ogre
   982 | D:4      | Noticed an ogre
   986 | D:4      | Killed an ogre
   987 | D:4      | Reached skill level 5 in Ranged Weapons
   987 | D:4      | Reached XP level 4. HP: 34/34 MP: 4/4
   987 | D:4      | Reached XP level 5. HP: 40/40 MP: 5/5
   993 | D:4      | Killed an ogre
   993 | D:4      | Noticed a phantom
   994 | D:4      | Reached XP level 6. HP: 31/47 MP: 6/6
  1105 | D:2      | Found Sede's Antique Armour Shoppe.
  1116 | D:2      | Reached skill level 6 in Ranged Weapons
  1921 | D:3      | Noticed Sigmund
  1922 | D:3      | Noticed Jessica
  1944 | D:3      | Killed Jessica
  1945 | D:3      | Reached XP level 7. HP: 30/53 MP: 7/7
  1948 | D:3      | Killed Sigmund
  2327 | D:4      | Found a burning altar of Makhleb.
  2442 | D:4      | HP: 2/54 [orc/+2 whip of electrocution (10)]
  2446 | D:4      | Slain by an orc

Illustrated notes

Levels and vault maps discovered:
D:1:      scummos_arrival_simple_fountains, layout_basic
D:2:      layout_rooms, serial_shops, shop, dreamdust_princess_bridge
D:3:      layout_loops_ring, uniq_sigmund, uniq_jessica
D:4:      layout_loops_ring, general_overflow_altar,
          nicolae_overflow_hidden_temple, eat_drink_and_be_merry_uskayaw

Skill      XL: |  1  2  3  4  5  6  7 |
---------------+----------------------+-----
Ranged Weapons | 5 6 |  6.7
Stealth        | 2 3 4 |  4.0
Fighting       | 3 4 |  4.1
Dodging        | |  2.0

Action                     |  1- 3 |  4- 6 |  7- 9 || total
---------------------------+-------+-------+-------++-------
  Melee: Hand axe          |       |    14 |     6 ||    20
         Punch             |       |     1 |       ||     1
   Fire: Shortbow          |    65 |       |       ||    65
         Sling             |     6 |    80 |    14 ||   100
    Use: Potion            |       |       |     3 ||     3
   Stab: Sleeping          |       |       |     1 ||     1
 Armour: Leather armour    |     5 |    11 |     2 ||    18
  Dodge: Dodged            |    24 |    15 |     6 ||    45

Table legend: (Time is in decaauts)
 A = Elapsed time spent in this place.
 B = Non-inter-level travel time spent in this place.
 C = Inter-level travel time spent in this place.
 D = Time resting spent in this place.
 E = Time spent auto-exploring this place.
 F = Levels seen in this place.
 G = Mean time per level.
                   A        B        C        D        E       F      G
               +--------+--------+--------+--------+--------+-----+--------+
         Total |   2481 |   2407 |     74 |    200 |   1767 |   4 |  620.2 |
       Dungeon |   2481 |   2407 |     74 |    200 |   1767 |   4 |  620.2 |
               +--------+--------+--------+--------+--------+-----+--------+

Top non-repeatable levels by time:
     D:1: 882 daAuts
     D:3: 801 daAuts
     D:2: 446 daAuts
     D:4: 350 daAuts
